 Dungeon Crawl Stone Soup version 0.21-a0-404-g291f19a (webtiles) character file.

1335 Klosterheim the Agent of Entropy (level 8, -7/64 HPs)
             Began as a Formicid Abyssal Knight on Oct 28, 2017.
             Was a Priest of Lugonu.
             Mangled by Sigmund
             ... wielding a +0 scythe
              (11 damage)
             ... on level 6 of the Dungeon.
             The game lasted 00:08:06 (6048 turns).

Klosterheim the Agent of Entropy (FoAK)             Turns: 6048, Time: 00:08:06

Health: -7/64      AC:  6    Str: 20    XL:     8   Next: 92%
Magic:  13/13      EV: 10    Int: 11    God:    Lugonu [***...]
Gold:   338        SH:  0    Dex: 10    Spells: 7/7 levels left

rFire    . . .     SeeInvis +   s - +2 whip (elec)
rCold    . . .     Gourm    .   (no shield)
rNeg     . . .     Faith    .   r - +0 scale mail
rPois    .         Spirit   .   (helmet unavailable)
rElec    .         Reflect  .   (no cloak)
rCorr    .         Harm     .   (no gloves)
MR       .....                  (no boots)
Stlth    ..........             (no amulet)
HPRegen  0.20/turn              (no ring)
MPRegen  0.13/turn              (no ring)

@: no status effects
A: permanent stasis, dig shafts and tunnels, four strong arms, antennae 3
a: Dig, Shaft Self, Depart the Abyss, Bend Space, Banish, Renounce Religion


You were on level 6 of the Dungeon.
You worshipped Lugonu.
Lugonu was most pleased with you.
You were not hungry.

You visited 1 branch of the dungeon, and saw 6 of its levels.
You visited the Abyss 1 time.

You collected 338 gold pieces.

Inventory:

Hand Weapons
 s - a +2 whip of electrocution (weapon)
Armour
 r - a +0 scale mail (worn)
Jewellery
 p - a +2 ring of strength {unknown}
Wands
 a - a wand of enslavement (10/24)
Scrolls
 d - 2 scrolls of remove curse
 e - 3 scrolls of identify
 f - a scroll of immolation
 j - a scroll of recharging
 l - 2 scrolls of enchant weapon
 q - a scroll of silence {unknown}
 u - 3 scrolls of amnesia
Potions
 g - a potion of degeneration {unknown}
 i - a potion of curing {unknown}
 k - a potion of haste {unknown}
 m - 2 potions of flight {unknown}
 n - a potion of brilliance {unknown}
 o - a potion of ambrosia {unknown}
 t - a potion of agility {unknown}
Comestibles
 b - 3 meat rations
 c - 7 bread rations


   Skills:
 - Level 6.0 Fighting
 * Level 6.8 Maces & Flails
 - Level 3.0 Armour
 - Level 2.0 Dodging
 - Level 0.1 Stealth
 * Level 7.1 Invocations


You had 7 spell levels left.
You didn't know any spells.

Dungeon Overview and Level Annotations

Branches:
Dungeon (6/15)             Temple (0/1) D:4

Altars:
Cheibriados
Elyvilon
Gozag
Kikubaaqudgha
Sif Muna
Trog
Zin

Annotations:
D:6 Sigmund


Innate Abilities, Weirdness & Mutations

You cannot be hasted, slowed, berserked, paralysed or teleported.
You can dig through walls and to a lower floor.
Your four strong arms can wield two-handed weapons with a shield.
You have a pair of large antennae on your head. (SInv)


Message History

The centaur closely misses you.
You hit the centaur.
The centaur is heavily wounded.
The centaur hits you.
* * * LOW HITPOINT WARNING * * *
You barely miss the centaur.
The centaur is heavily wounded.
The centaur hits you.
* * * LOW HITPOINT WARNING * * *
Your scale mail prevents you from hitting the centaur.
The centaur is heavily wounded.
The centaur hits you but does no damage.
The ogre barely misses you.
You whack the centaur! Lightning courses through the centaur!
You kill the centaur!
Lugonu accepts your kill.
Your Invocations skill increases to level 7!
The ogre closely misses you.
Sigmund hits you from afar with a scythe!
You die...

{ ...# #+########
...# .........#
...# .
.........##...##..
..........#.......
...###...##@......
...###..(##O...>..
.........(@.......
.........).......
.................
...##...####.####
... #+### .# .. (
. .#


You could see Sigmund and an ogre.

Vanquished Creatures
  Menkaure (D:5)
  3 phantoms
  An ogre (D:4)
  3 centaurs
  A scorpion (D:5)
  A howler monkey (D:5)
  3 crimson imps (D:5)
  A quasit (Abyss:1)
  An orc priest (D:5)
  A centaur skeleton (D:4)
  A hound (D:5)
  An iguana (D:4)
  Ijyb (D:3)
  2 worker ants
  2 orc wizards
  A hound skeleton (D:5)
  3 gnolls (D:3)
  5 adders
  An ooze (D:1)
  An adder zombie (D:5)
  2 worms
  A dart slug (D:3)
  A leopard gecko (D:2)
  13 orcs
  10 giant cockroaches
  5 goblins
  11 hobgoblins
  5 jackals
  2 quokkas
  11 bats
  7 frilled lizards
  A giant cockroach zombie (D:5)
  12 kobolds
  9 rats
124 creatures vanquished.

Vanquished Creatures (others)
  A quokka (D:3)
1 creature vanquished.

Grand Total: 125 creatures vanquished

Notes
Turn   | Place    | Note
-------+----------+-------------------------------------------
     0 | Abyss:1  | Klosterheim the Formicid Abyssal Knight began the quest for the Orb.
     0 | Abyss:1  | Reached XP level 1. HP: 18/18 MP: 2/2
    88 | Abyss:1  | Found a corrupted altar of Lugonu.
    90 | Abyss:1  | Noticed a quasit
   104 | Abyss:1  | Killed a quasit
   104 | Abyss:1  | Reached skill level 1 in Dodging
   104 | Abyss:1  | Reached XP level 2. HP: 3/25 MP: 3/3
   104 | Abyss:1  | Reached XP level 3. HP: 3/30 MP: 4/4
   106 | D:1      | Escaped the Abyss
   606 | D:1      | Reached XP level 4. HP: 37/37 MP: 5/5
   784 | D:1      | Reached ** piety under Lugonu
  1046 | D:2      | Found an ancient bone altar of Kikubaaqudgha.
  1721 | D:2      | Found a glowing silver altar of Zin.
  1727 | D:2      | Reached XP level 5. HP: 42/43 MP: 6/6
  1763 | D:2      | Reached *** piety under Lugonu
  1912 | D:2      | Found a deep blue altar of Sif Muna.
  2566 | D:3      | Reached XP level 6. HP: 10/50 MP: 7/7
  2870 | D:3      | Found a white marble altar of Elyvilon.
  2943 | D:3      | Noticed Ijyb
  2952 | D:3      | Killed Ijyb
  3040 | D:3      | Found a snail-covered altar of Cheibriados.
  3133 | D:3      | Noticed a phantom
  3159 | D:3      | Killed a phantom
  3159 | D:3      | Reached skill level 5 in Fighting
  3159 | D:3      | Reached skill level 3 in Invocations
  3886 | D:4      | Noticed an ogre
  3894 | D:4      | Killed an ogre
  3894 | D:4      | Reached skill level 4 in Invocations
  3894 | D:4      | Reached XP level 7. HP: 25/56 MP: 8/10
  4212 | D:4      | Found an opulent altar of Gozag.
  4418 | D:4      | Found a staircase to the Ecumenical Temple.
  4446 | D:4      | Reached skill level 5 in Maces & Flails
  4764 | D:5      | Entered Level 5 of the Dungeon
  4825 | D:5      | Reached skill level 5 in Invocations
  4906 | D:5      | Reached XP level 8. HP: 50/64 MP: 11/11
  5354 | D:5      | Reached skill level 6 in Invocations
  5665 | D:5      | Noticed Menkaure
  5675 | D:5      | Killed Menkaure
  5911 | D:5      | Found a bloodstained altar of Trog.
  6043 | D:6      | Noticed Sigmund
  6046 | D:6      | HP: 3/64 [centaur (4)]
  6048 | D:6      | Reached skill level 7 in Invocations
  6048 | D:6      | Mangled by Sigmund

Vault maps used:
D:1:      shiori_arrival_oz, minmay_bisected
D:2:      lemuel_crystal_altar, lemuel_blue_sif_altar,
          lemuel_coloured_pillars_altar, minmay_misc_feat_doors, minmay_cupped
D:3:      elyvilon_altar_4, cheibriados_altar_1, first_bread, uniq_ijyb
D:4:      grunt_gozag_statues, minmay_temple_entry_glassed_door
D:5:      nicolae_overflow_hidden_temple, uniq_menkaure
D:6:      nemelex_xobeh_ov_fountains_minmay, serial_shops, shop, basic_altar,
          uniq_crazy_yiuf_cottage, uniq_sigmund
Abyss:1:  hangedman_decor_peaks_small

Skill      XL: |  1  2  3  4  5  6  7  8 |
---------------+-------------------------+-----
Fighting       | 4 5 6 |  6.0
Dodging        | 1 2 |  2.0
Maces & Flails | 3 4 5 6 |  6.8
Armour         | 3 |  3.0
Invocations    | 4 5 7 |  7.1
Stealth        | |  0.1

Action                   |  1- 3 |  4- 6 |  7- 9 || total
-------------------------+-------+-------+-------++-------
Melee: Mace              |    38 |   147 |       ||   185
       Flail             |       |   109 |       ||   109
       Whip              |       |     8 |   163 ||   171
  Use: Potion            |     1 |       |     3 ||     4
       Scroll            |     2 |     5 |     1 ||     8
  Eat: Chunk             |       |    10 |     5 ||    15
       Meat ration       |       |       |     1 ||     1
Armor: Leather armour    |    19 |    63 |       ||    82
       Scale mail        |       |    11 |    50 ||    61
Dodge: Dodged            |    35 |   186 |    79 ||   300

Table legend:
 A = Spawn XP
 B = Non-spawn XP
 C = Spawn XP percentage of total XP
 D = Spawn monster count
 E = Non-spawn monster count
 F = Spawn count percentage of total count
 G = Total turns spent on level
                    A         B        C        D         E        F      G
               +---------+---------+-------+---------+---------+-------+---------
         Total |       0 |    1908 |   0.0 |       0 |     124 |   0.0 |  6048
               +---------+---------+-------+---------+---------+-------+---------
           D:1 |       0 |      36 |   0.0 |       0 |      20 |   0.0 |   887
           D:2 |       0 |      80 |   0.0 |       0 |      34 |   0.0 |  1210
           D:3 |       0 |     316 |   0.0 |       0 |      35 |   0.0 |  1631
           D:4 |       0 |     434 |   0.0 |       0 |      14 |   0.0 |   930
           D:5 |       0 |     807 |   0.0 |       0 |      18 |   0.0 |  1260
           D:6 |       0 |     190 |   0.0 |       0 |       2 |   0.0 |    24
       Abyss:1 |       0 |      45 |   0.0 |       0 |       1 |   0.0 |   106
               +---------+---------+-------+---------+---------+-------+---------
